 Seeded DCSS version 0.32-a0-961-gd60f5e5fc7 (webtiles) character file.

Game seed: 2024041708 (custom seed)

1344 Orlauf the Poker (level 8, -1/63 HPs)
             Began as a Demonspawn Gladiator on Apr 17, 2024.
             Was a Priest of Uskayaw.
             Slain by a steam dragon (8 damage)
             ... on level 7 of the Dungeon.
             The game lasted 00:06:37 (5029 turns).

Orlauf the Poker (Demonspawn Gladiator)             Turns: 5029, Time: 00:06:38

Health: -1/63      AC: 18    Str: 24    XL:     8   Next: 36%
Magic:  12/12      EV:  6    Int:  8    God:    Uskayaw [***...]
Gold:   376        SH:  0    Dex: 14    Spells: 7/7 levels left

rFire   . . .        a - +0 trident
rCold   . . .        (no shield)
rNeg    + . .        w - +0 plate armour
rPois   .            c - +0 helmet
rElec   .            r - +1 cloak
rCorr   .            n - +1 pair of gloves
SInv    .            (no boots)
Will    .....        (no amulet) Stlth
                     k - ring of positive energy
HPRegen 2.30/turn    v - +6 ring of strength
MPRegen 0.13/turn

%: no passive effects
@: studying Maces & Flails
A: hooves 1, molten scales 2, powered by death 2
a: Renounce Religion, Stomp, Line Pass


You were on level 7 of the Dungeon.
You worshipped Uskayaw.
Uskayaw was noncommittal.
You visited 1 branch of the dungeon, and saw 7 of its levels.

You collected 376 gold pieces.

Inventory:

Hand Weapons
 a - a +0 trident (weapon)
Missiles
 d - 3 throwing nets (quivered)
 e - a javelin
 f - 2 silver javelins
 h - 16 poisoned darts
Armour
 c - a +0 helmet (worn)
 n - a +1 pair of gloves (worn)
 r - a +1 cloak (worn)
 w - a +0 plate armour (worn)
Jewellery
 k - a ring of positive energy (left hand)
 m - a ring of ice
 v - a +6 ring of strength (right hand)
 x - a ring of protection from cold
Wands
 l - a wand of polymorph (4)
 q - a wand of roots (1)
 t - a wand of digging (9)
Scrolls
 i - a scroll of revelation
 s - a scroll of identify
 u - a scroll of butterflies
Potions
 b - 6 potions of curing
 g - a potion of invisibility
 j - 3 potions of resistance
 o - a potion of might {unknown}
 p - 2 potions of enlightenment {unknown}


   Skills:
 + Level 5.6 Fighting
 * Level 7.4 Polearms
 - Level 1.7 Throwing
 - Level 2.6 Dodging
 + Level 5.5 Invocations


You had 7 spell levels left.
You didn't know any spells.
Your spell library contained the following spells:

 Spells                   Type           Power      Damage    Failure   Level
 Apportation              Tloc           0%         N/A       100%        1
 Jinxbite                 Hex            0%         N/A       100%        2
 Summon Ice Beast         Ice/Summ       0%         N/A       100%        3
 Summon Blazeheart Golem  Fire/Summ      0%         N/A       100%        4
 Alistair's Intoxication  Alch           0%         N/A       100%        5
 Summon Mana Viper        Hex/Summ       0%         N/A       100%        5
 Monstrous Menagerie      Summ           0%         N/A       100%        7
 Orb of Destruction       Conj           0%         9d5       100%        7
 Spellforged Servitor     Conj/Summ      0%         N/A       100%        7


Dungeon Overview and Level Annotations

Branches:
Dungeon (7/15)             Temple (0/1) D:7

Altars:
Gozag
Trog
Uskayaw

Shops:
D:1 [[

Annotations:
D:5 3 runed translucent doors, avangion's ghost, novice DECj


Innate Abilities, Weirdness & Mutations

You have large cloven feet.
You are mostly covered in molten scales. (AC +3)
You regenerate health from kills.


Message History

The killer bee is engulfed in a cloud of scalding steam.
The killer bee dies!
You hit the killer bee.
The killer bee is almost dead.
The killer bee stings you.
* * * LOW HITPOINT WARNING * * *
You are poisoned.
The killer bee poisons you! The killer bee stings you.
* * * LOW HITPOINT WARNING * * *
You are more poisoned.
The killer bee poisons you!
You feel better. The killer bee stings you.
* * * LOW HITPOINT WARNING * * *
The killer bee stings you but does no damage.
The steam dragon bites you.
* * * LOW HITPOINT WARNING * * *
The steam dragon claws you but does no damage.
You hit the killer bee.
The killer bee is almost dead.
The killer bee barely misses you.
The killer bee stings you but does no damage.
The steam dragon breathes steam at you. The ball of steam hits you.
* * * LOW HITPOINT WARNING * * *
Uskayaw will force your foes to helplessly watch your dance.
Uskayaw prepares the audience for your solo!
The steam dragon is no longer paralysed.
The steam dragon bites you but does no damage.
The steam dragon claws you but does no damage.
The helpless killer bee fails to defend itself.
You puncture the killer bee!
You kill the killer bee!
A bullfrog comes into view.
The steam dragon breathes steam at you. The ball of steam hits you!
* * * LOW HITPOINT WARNING * * *
Okay, then.
The steam dragon bites you!
You die...
Your body falls in perfect tune with the rhythm.

# ..... ##### .....
##############...# ......
#......#....#....# ......
#......#....#....#
......#####+###'###'#####'#
.........§§................
.......F§..§§..)...........
..........@................
.........D§§§§§§...........
.....>....§......##########
......####+####'##........#
...... ..................#
...... ........########..#
..... ........##....##..#
..... ..............#....
..............#....


You could see a steam dragon and a bullfrog.

Vanquished Creatures
  A water moccasin (D:7)
  Duvessa (D:4)
  An ice beast (D:7)
  An orc warrior (D:6)
  A bullfrog (D:7)
  5 wights (D:7)
  Dowan (D:4)
  A killer bee (D:7)
  3 bombardier beetles (D:4)
  2 jellies
  5 hounds
  A sleepcap (D:7)
  2 iguanas
  An orc wizard (D:6)
  4 adders
  3 white imps (D:6)
  2 ufetubi (D:7)
  2 ribbon worms
  3 dart slugs
  7 orcs
  5 ball pythons
  11 endoplasms
  2 giant cockroaches (D:1)
  4 goblins
  8 hobgoblins
  3 quokkas
  5 bats
  4 frilled lizards
  9 kobolds
  5 rats
103 creatures vanquished.

Vanquished Creatures (others)
  2 killer bees (D:7)
2 creatures vanquished.

Grand Total: 105 creatures vanquished

Notes
Turn   | Place    | Note
-------+----------+-------------------------------------------
     0 | D:1      | Orlauf the Demonspawn Gladiator began the quest for the
                  | Orb.
     0 | D:1      | Reached XP level 1. HP: 16/16 MP: 1/1
    96 | D:1      | Reached skill level 3 in Polearms
   139 | D:1      | Found Feuwofon's Armour Shop.
   239 | D:1      | Gained mutation: You have large cloven feet. [demonic
                  | ancestry]
   239 | D:1      | Reached XP level 2. HP: 22/22 MP: 2/2
   370 | D:1      | Found Usimpu's Antique Armour Emporium.
   809 | D:2      | Gained mutation: You regenerate a little health from kills.
                  | [demonic ancestry]
   809 | D:2      | Reached XP level 3. HP: 28/28 MP: 3/3
  1007 | D:2      | Found a bloodstained altar of Trog.
  1364 | D:3      | Reached skill level 4 in Polearms
  1364 | D:3      | Reached XP level 4. HP: 32/34 MP: 4/4
  1766 | D:4      | Gained mutation: You are partially covered in molten
                  | scales. (AC +2) [demonic ancestry]
  1766 | D:4      | Reached XP level 5. HP: 33/41 MP: 5/5
  1915 | D:4      | Found a hide-covered altar of Uskayaw.
  1952 | D:4      | Became a worshipper of Uskayaw the Reveller
  2023 | D:4      | Reached * piety under Uskayaw
  2174 | D:4      | Noticed Duvessa
  2174 | D:4      | Noticed Dowan
  2183 | D:4      | Reached ** piety under Uskayaw
  2185 | D:4      | Reached skill level 1 in Invocations
  2194 | D:4      | Reached *** piety under Uskayaw
  2197 | D:4      | HP: 2/42 [Duvessa/+0 short sword (8)]
  2200 | D:4      | Killed Duvessa
  2200 | D:4      | Reached **** piety under Uskayaw
  2201 | D:4      | Reached skill level 5 in Polearms
  2201 | D:4      | Reached XP level 6. HP: 25/48 MP: 5/7
  2210 | D:4      | Killed Dowan
  2210 | D:4      | Reached ***** piety under Uskayaw
  2689 | D:5      | Entered Level 5 of the Dungeon
  2753 | D:5      | Identified the +0 leather armour of Snakes and Ladders {rC+
                  | Regen+}
  3226 | D:5      | Found an opulent altar of Gozag.
  3309 | D:5      | Found a runed translucent gate.
  3309 | D:5      | Found a runed translucent gate.
  3310 | D:5      | Found a runed translucent gate.
  3379 | D:5      | Noticed avangion's ghost (novice DECj)
  3740 | D:5      | Gained mutation: You are mostly covered in molten scales.
                  | (AC +3) [demonic ancestry]
  3740 | D:5      | Reached XP level 7. HP: 54/55 MP: 9/9
  4001 | D:6      | Reached skill level 6 in Polearms
  4087 | D:6      | Identified the +2 robe "Pojiy" {rF- rN++ Will+ Str+2}
  4680 | D:7      | Reached skill level 5 in Fighting
  4784 | D:7      | Gained mutation: You regenerate health from kills. [demonic
                  | ancestry]
  4784 | D:7      | Reached XP level 8. HP: 57/62 MP: 11/11
  4788 | D:7      | Reached skill level 7 in Polearms
  4794 | D:7      | Reached skill level 5 in Invocations
  4916 | D:7      | Found a staircase to the Ecumenical Temple.
  5029 | D:7      | Slain by a steam dragon

Illustrated notes

Levels and vault maps discovered:
D:1:      tarquinn_simple_flora_water_c, layout_loops_ring, serial_shops, shop,
          nicolae_shop_gibbet_a_chance, nicolae_figureground_pulse
D:2:      layout_rooms, basic_altar
D:3:      layout_basic
D:4:      wander_river, layout_gridville, mainiacjoe_overflow_six_doors_small,
          minmay_manual_monstrance, uniq_duvessa
D:5:      layout_layer_cave, grunt_gozag_statues, ebering_ghost_rock_garden
D:6:      layout_rooms
D:7:      layout_gridville, minmay_temple_entry_fiery, minmay_bent

Skill      XL: |  1  2  3  4  5  6  7  8 |
---------------+-------------------------+-----
Polearms       | 3 4 5 6 7 |  7.4
Fighting       | 3 4 5 |  5.6
Invocations    | 1 3 4 5 |  5.5
Throwing       | |  1.7
Dodging        | |  2.6

Action                     |  1- 3 |  4- 6 |  7- 9 || total
---------------------------+-------+-------+-------++-------
  Melee: Trident           |   114 |   163 |   127 ||   404
         Kick              |    13 |    39 |    40 ||    92
  Throw: Throwing net      |       |     2 |       ||     2
  Evoke: Wand              |       |     1 |       ||     1
    Use: Scroll            |     6 |     5 |     4 ||    15
         Potion            |       |     5 |     1 ||     6
   Stab: Sleeping          |     1 |       |       ||     1
         Paralysed         |       |     2 |     7 ||     9
 Armour: Leather armour    |    22 |       |       ||    22
         Ring mail         |    29 |    18 |       ||    47
         Chain mail        |       |   117 |    50 ||   167
         Plate armour      |       |       |    72 ||    72
  Dodge: Dodged            |    37 |    54 |    32 ||   123

Table legend: (Time is in decaauts)
 A = Elapsed time spent in this place.
 B = Non-inter-level travel time spent in this place.
 C = Inter-level travel time spent in this place.
 D = Time resting spent in this place.
 E = Time spent auto-exploring this place.
 F = Levels seen in this place.
 G = Mean time per level.
                   A        B        C        D        E       F      G
               +--------+--------+--------+--------+--------+-----+--------+
         Total |   5054 |   4920 |    134 |    171 |   3885 |   7 |  722.0 |
       Dungeon |   5054 |   4920 |    134 |    171 |   3885 |   7 |  722.0 |
               +--------+--------+--------+--------+--------+-----+--------+

Top non-repeatable levels by time:
     D:5: 1228 daAuts
     D:4: 1009 daAuts
     D:1: 814 daAuts
     D:6: 565 daAuts
     D:7: 541 daAuts
     D:3: 493 daAuts
     D:2: 401 daAuts
